 Dungeon Crawl Stone Soup version 0.27-a0-223-ge082b6e869 (webtiles) character file.

Game seed: 13304404971028663669

3909 gimp the Geomancer (level 10, -2/97 HPs)
             Began as a Demonspawn Earth Elementalist on Feb 1, 2021.
             Was an Initiate of Gozag.
             Slain by a yak (9 damage)
             ... on level 11 of the Dungeon.
             The game lasted 00:15:14 (10092 turns).

gimp the Geomancer (Demonspawn Earth Elementalist) Turns: 10092, Time: 00:15:15

Health: -2/97      AC: 25    Str: 14    XL:     10   Next: 1%
Magic:  3/20       EV:  2    Int: 20    God:    Gozag
Gold:   1048       SH:  0    Dex: 14    Spells: 7/22 levels left

rFire    . . .     SeeInvis .   b - +0 short sword (elec)
rCold    . . .     Faith    .   (no shield)
rNeg     + + +     Spirit   .   (armour currently unavailable)
rPois    +         Reflect  .   (helmet unavailable)
rElec    .         Harm     .   (cloak currently unavailable)
rCorr    .         Rampage  .   (gloves currently unavailable)
Will     +....     NoTele   +   (boots currently unavailable)
Stlth    ++........             (no amulet)
HPRegen  0.26/turn              h - ring of willpower
MPRegen  0.17/turn              c - +6 ring of strength

@: brilliant, tree-form
A: powered by pain 3
a: Renounce Religion, Potion Petition, Call Merchant, Bribe Branch


You were on level 11 of the Dungeon.
You worshipped Gozag.
Gozag was most pleased with you.
You were a tree.
You visited 2 branches of the dungeon, and saw 11 of its levels.

You collected 1098 gold pieces.
You paid 50 gold pieces to Gozag.

Inventory:

Hand Weapons
 a - a +3 dagger of speed
 b - a +0 short sword of electrocution (weapon)
 f - the cursed +3 hand axe of the Distant Future {pain, Str+4 Dex+4 SInv}
   (You found it on level 4 of the Dungeon)

   In the hands of one skilled in necromantic magic, it inflicts extra damage on
   living creatures.
   It affects your strength (+4).
   It affects your dexterity (+4).
   It lets you see invisible.
   It has a curse placed upon it.
Missiles
 v - 348 stones
Armour
 o - a +2 robe of resistance (melded)
 t - a +0 pair of boots (melded)
Jewellery
 c - a +6 ring of strength (right branch)
 h - a ring of willpower (left branch)
 w - an uncursed ring of protection from cold
Wands
 p - a wand of polymorph (8)
 r - a wand of iceblast (3)
Scrolls
 g - 2 scrolls of remove curse
 l - a scroll of blinking
 m - a scroll of amnesia {unknown}
 n - 3 scrolls of immolation
 q - a scroll of magic mapping
 y - a scroll of fear {unknown}
Potions
 d - 5 potions of attraction {unknown}
 e - a potion of resistance {unknown}
 i - 2 potions of magic {unknown}
 k - 2 potions of lignification
 s - a potion of invisibility {unknown}
 u - a potion of brilliance
 x - a potion of haste {unknown}


   Skills:
 - Level 1.0 Fighting
 + Level 5.2 Short Blades
 - Level 1.7 Dodging
 - Level 1.7 Stealth
 + Level 6.6 Spellcasting
 - Level 4.0 Conjurations
 * Level 4.7 Transmutations
 + Level 8.6 Earth Magic


You had 7 spell levels left.
You knew the following spells:

 Your Spells              Type           Power        Failure   Level
a - Stone Arrow           Conj/Erth      94%          2%          3
b - Petrify               Tmut/Erth      50%          6%          4
c - Lee's Rapid Deconstr  Erth           28%          8%          5
d - Passwall              Tmut/Erth      41%          1%          2
j - Sandblast             Erth           100%         1%          1

Your spell library contained the following spells:

 Spells                   Type           Power        Failure   Level


Dungeon Overview and Level Annotations

Branches:
Dungeon (11/15)            Temple (1/1) D:4
   Lair: D:8-11         Orc: D:9-12

Altars:
Ashenzari
Cheibriados
Dithmenos
Elyvilon
Fedhas
Gozag
Hepliaklqana
Kikubaaqudgha
Makhleb
Nemelex Xobeh
Okawaru
Qazlal
Ru
Sif Muna
Trog
Uskayaw
Vehumet
Yredelemnul
Zin
The Shining One

Annotations:
D:4 1 runed translucent door, tinescath's ghost, amateur DEFE


Innate Abilities, Weirdness & Mutations

((You have a pair of large horns on your head.))
You are powered by pain.


Message History

Casting: Stone Arrow (mildly dangerous; 2% risk of failure)
Confirm with . or Enter, or press ? or * to list all spells.
Aiming: Stone Arrow (mildly dangerous; 2% risk of failure)
Press: ? - help, Shift-Dir - straight line, f/p - yak
Aim: a yak (moderately wounded, 15% to evade)
You feel a surge of power!
The stone arrow hits the yak!
The yak is heavily wounded.
The yak gores you but does no damage. The yak gores you.
* * * LOW HITPOINT WARNING * * *
You take 4 damage, and have 6/97 hp.
You now have 4/20 mp.
Casting: Stone Arrow (mildly dangerous; 2% risk of failure)
Confirm with . or Enter, or press ? or * to list all spells.
Aiming: Stone Arrow (mildly dangerous; 2% risk of failure)
Press: ? - help, Shift-Dir - straight line, f/p - yak
Aim: a yak (heavily wounded, 15% to evade)
You feel a surge of power!
The stone arrow hits the yak!!
The yak is almost dead.
The yak gores you!
You die...
Your body crumbles into a pile of gold.

,,*$,,,,,$,#....#....#,,,,,,,,,*
,,*,$$.,{,$#....#....#,,,,,,,,,*
,,*$,$B$.$,#....#....#,,,,,,,,,*
,,*<$,$J$Tc#....#....#,,,,,,,,,*
,,******####....#....#,,,,,,,,,*
,,,,,,..........##...#*,#########
**,*,,.#.####...##...##+#........
*,,,,.........YY.......#........
**,,,.,........♣.......#....)...
*,,,,,..............?.#........
*,,,,,............(...#........
*,,,,,................#........
*,,,,,................#........
******,,.##.....##...##+#........
,,****,,,*#####+#*...#,....#####.
,,,,,,,,,,,,,,,,,,...#.....*,,,#.
,,,,,,,,,,,,,,,,,,,,,*.....*,,,#.


You could see a centaur warrior, 2 yaks and a troll.

Vanquished Creatures
  A two-headed ogre (D:11)
  An ugly thing (D:11)
  Sigmund (D:5)
  Eustachio (D:5)
  An acid dragon (D:11)
  Edmund (D:5)
  2 orc warriors
  An ice beast (D:8)
  2 ogres
  2 sky beasts
  A big kobold (D:7)
  2 phantoms
  Blork the orc (D:5)
  A bullfrog (D:6)
  A gnoll sergeant (D:7)
  A scorpion (D:7)
  A killer bee (D:11)
  2 jellies
  5 hounds
  10 orc priests
  A centaur skeleton (D:7)
  Jessica (D:2)
  3 iguanas
  4 orc wizards
  2 worker ants
  3 hound zombies
  A hound skeleton (D:7)
  9 gnolls (D:7)
  13 adders
  A shadow imp (D:7)
  4 white imps
  2 oozes
  2 worms
  2 dart slugs
  6 leopard geckos
  24 orcs
  A ball python (D:4)
  6 bats
  9 giant cockroaches
  6 goblins
  A hobgoblin (D:1)
  7 jackals
  13 kobolds
  2 quokkas
  8 frilled lizards
  9 rats
178 creatures vanquished.

Notes
Turn   | Place    | Note
-------+----------+-------------------------------------------
     0 | D:1      | gimp the Demonspawn Earth Elementalist began the quest for
                  | the Orb.
     0 | D:1      | Reached XP level 1. HP: 13/13 MP: 3/3
   226 | D:1      | Reached skill level 3 in Earth Magic
   340 | D:1      | Gained mutation: You sometimes gain a little power by
                  | taking damage. [demonic ancestry]
   340 | D:1      | Reached XP level 2. HP: 16/20 MP: 1/5
   420 | D:1      | Reached skill level 1 in Fighting
   999 | D:1      | Gained mutation: You sometimes gain power by taking damage.
                  | [demonic ancestry]
   999 | D:1      | Reached XP level 3. HP: 26/26 MP: 4/6
  1003 | D:1      | Learned a level 3 spell: Stone Arrow
  1534 | D:2      | Reached skill level 1 in Conjurations
  1609 | D:2      | Noticed Jessica
  1612 | D:2      | Killed Jessica
  1613 | D:2      | Reached skill level 4 in Earth Magic
  1613 | D:2      | Gained mutation: You have a pair of small horns on your
                  | head. [demonic ancestry]
  1613 | D:2      | Reached XP level 4. HP: 27/32 MP: 5/7
  2456 | D:3      | Gained mutation: You have a pair of horns on your head.
                  | [demonic ancestry]
  2456 | D:3      | Reached XP level 5. HP: 22/37 MP: 3/8
  3067 | D:3      | Found a hide-covered altar of Uskayaw.
  3068 | D:3      | Found a white marble altar of Elyvilon.
  3526 | D:4      | Found a runed translucent door.
  3526 | D:4      | Noticed tinescath's ghost (amateur DEFE)
  3526 | D:4      | Noticed a slime creature
  3655 | D:4      | Reached skill level 5 in Earth Magic
  3655 | D:4      | Reached XP level 6. HP: 17/43 MP: 1/9
  3977 | D:4      | Found a staircase to the Ecumenical Temple.
  4029 | Temple   | Entered the Ecumenical Temple
  4230 | Temple   | Became a worshipper of Gozag Ym Sagoz the Greedy
  4357 | D:4      | Got a shimmering hand axe
  4359 | D:4      | Identified the cursed +3 hand axe of the Distant Future
                  | {pain, Str+4 Dex+4 SInv} (You found it on level 4 of the
                  | Dungeon)
  4777 | D:5      | Entered Level 5 of the Dungeon
  4777 | D:5      | Noticed a sky beast
  4972 | D:5      | Killed a sky beast
  4973 | D:5      | Reached skill level 6 in Earth Magic
  4973 | D:5      | Reached XP level 7. HP: 48/48 MP: 6/11
  5235 | D:5      | Noticed Blork the orc
  5256 | D:5      | Killed Blork the orc
  5401 | D:5      | Noticed Edmund
  5405 | D:5      | Found a shimmering blue altar of Sif Muna.
  5502 | D:5      | Killed Edmund
  5718 | D:5      | Noticed Sigmund
  5725 | D:5      | Killed Sigmund
  5726 | D:5      | Reached skill level 1 in Short Blades
  5726 | D:5      | Reached XP level 8. HP: 48/54 MP: 1/14
  5974 | D:5      | Noticed Eustachio
  5979 | D:5      | Killed Eustachio
  5980 | D:5      | Reached skill level 7 in Earth Magic
  6766 | D:6      | Found a broken altar of Ashenzari.
  7449 | D:6      | Reached skill level 5 in Spellcasting
  8296 | D:7      | Gained mutation: You are powered by pain. [demonic
                  | ancestry]
  8296 | D:7      | Reached XP level 9. HP: 59/59 MP: 3/17
  8573 | D:7      | Learned a level 4 spell: Petrify
  8579 | D:7      | Learned a level 5 spell: Lee's Rapid Deconstruction
  8587 | D:7      | Reached skill level 1 in Transmutations
  9793 | D:8      | Reached skill level 8 in Earth Magic
  9837 | D:8      | You fall into a shaft and drop 3 floors!
  9844 | D:11     | Noticed a two-headed ogre
  9855 | D:11     | Killed a two-headed ogre
  9864 | D:11     | Noticed a brown ugly thing
  9882 | D:11     | Killed a brown ugly thing
  9883 | D:11     | Reached skill level 5 in Short Blades
  9952 | D:11     | Learned a level 2 spell: Passwall
  9982 | D:11     | Noticed a boulder beetle
 10009 | D:11     | Noticed a centaur warrior
 10009 | D:11     | Noticed a cyclops
 10010 | D:11     | Noticed a troll
 10020 | D:11     | Noticed a two-headed ogre
 10020 | D:11     | Noticed a boulder beetle
 10033 | D:11     | Gained mutation: You have a pair of large horns on your
                  | head. [demonic ancestry]
 10033 | D:11     | Reached XP level 10. HP: 20/65 MP: 0/20
 10041 | D:11     | Noticed an ogre mage
 10045 | D:11     | Noticed a centaur warrior
 10047 | D:11     | Identified the ring of the Five Teeth {Will+ Stlth+}
 10047 | D:11     | Noticed an ogre mage
 10071 | D:10     | Entered Level 10 of the Dungeon
 10092 | D:11     | Slain by a yak

Illustrated notes

Levels and vault maps discovered:
D:1:      dpeg_arrival_signposts, layout_loops_ring
D:2:      layout_loops_cross, uniq_jessica
D:3:      layout_basic, nicolae_overflow_hidden_temple, bh_walls_and_bars
D:4:      minmay_evil_eye, layout_gridville, minmay_temple_entry_mini_moons,
          ebering_ghost_inner_flame
D:5:      layout_cave_pods, led_sif_pool, uniq_eustachio, uniq_sigmund,
          uniq_blork_the_orc, uniq_edmund
D:6:      layout_basic, evilmike_ruin_ashenzari, minivault_1
D:7:      layout_loops_ring, serial_co_window_serial, co_window_paths_a,
          co_window_corner_a, co_window_of_opportunity_a, co_window_cross_1,
          co_window_paths_b, co_window_cross_4, co_window_unsneaky_path_b,
          co_window_corner_cb, glass_columns_a, glass_columns_a,
          glass_columns_c, glass_columns_b
D:8:      layout_cave_pools, kennysheep_mini_moat, basic_altar,
          lightli_ossuary_entry_decrepit_ruins
D:10:     layout_basic, erik_orc_1, special_room [special_room_kobold],
          serial_shops, shop
D:11:     minmay_opposing_rooms, layout_gridville, minivault_12
Temple:   regret_index_temple_sphere_string

Skill      XL: |  1  2  3  4  5  6  7  8  9 |
---------------+----------------------------+-----
Earth Magic    | 3 4 5 6 7 8 |  8.6
Fighting       | 1 |  1.0
Conjurations   | 1 2 3 4 |  4.0
Spellcasting   | 4 5 6 |  6.6
Short Blades   | 1 3 5 |  5.2
Transmutations | 4 |  4.7
Dodging        | |  1.7
Stealth        | |  1.7

Action                   |  1- 3 |  4- 6 |  7- 9 | 10-12 || total
-------------------------+-------+-------+-------+-------++-------
Melee: Dagger            |    12 |    18 |    30 |       ||    60
       Headbutt          |       |     2 |    15 |       ||    17
       Short sword       |       |       |    50 |       ||    50
 Cast: Sandblast         |    42 |   112 |    26 |       ||   180
       Stone Arrow       |       |       |   115 |     4 ||   119
       Petrify           |       |       |     2 |       ||     2
Evoke: Wand              |       |       |     4 |       ||     4
  Use: Scroll            |     1 |     6 |     4 |       ||    11
       Potion            |       |     4 |       |     2 ||     6
 Stab: Sleeping          |     1 |       |       |       ||     1
       Petrified         |       |       |     7 |       ||     7
Armor: Robe              |     3 |     7 |    14 |       ||    24
       Skin              |       |       |       |     7 ||     7
Dodge: Dodged            |     8 |    21 |    50 |     1 ||    80

Table legend: (Time is in decaauts)
 A = Elapsed time spent in this place.
 B = Non-inter-level travel time spent in this place.
 C = Inter-level travel time spent in this place.
 D = Time resting spent in this place.
 E = Time spent auto-exploring this place.
 F = Levels seen in this place.
 G = Mean time per level.
                   A        B        C        D        E       F      G
               +--------+--------+--------+--------+--------+-----+--------+
         Total |  10070 |   9698 |    372 |    507 |   7666 |  11 |  915.5 |
       Dungeon |   9843 |   9537 |    306 |    507 |   7508 |  10 |  984.3 |
        Temple |    226 |    160 |     66 |      0 |    158 |   1 |  226.0 |
               +--------+--------+--------+--------+--------+-----+--------+

Top non-repeatable levels by time:
     D:7: 2053 daAuts
     D:5: 1582 daAuts
     D:3: 1352 daAuts
     D:1: 1350 daAuts
     D:6: 1154 daAuts
     D:4: 1108 daAuts
     D:2: 904 daAuts
    D:11: 247 daAuts
  Temple: 226 daAuts
     D:8: 89 daAuts
    D:10: 1 daAuts
